 Dungeon Crawl Stone Soup version 0.30-a0-782-ge64f9170bb (webtiles) character file.

Game seed: 8468498274909022137

800 mopl the Slasher (level 7, -1/54 HPs)
             Began as a Merfolk Warper on Mar 6, 2023.
             Was an Initiate of Okawaru.
             Slain by a gnoll sergeant
             ... wielding a +0 trident
              (9 damage)
             ... on level 4 of the Dungeon.
             The game lasted 00:07:40 (4221 turns).

mopl the Slasher (Merfolk Warper)                   Turns: 4221, Time: 00:07:41

Health: -1/54      AC:  4    Str: 13    XL:     7   Next: 90%
Magic:  8/11       EV: 13    Int: 12    God:    Okawaru [......]
Gold:   244        SH:  0    Dex: 14    Spells: 0/12 levels left

rFire   . . .      SeeInvis .    n - +1 demon whip (drain)
rCold   . . .      Faith    .    (no shield)
rNeg    . . .      Spirit   .    b - +0 leather armour
rPois   .          Reflect  .    l - +0 helmet
rElec   .          Harm     .    (no cloak)
rCorr   .          Rampage  .    (no gloves)
Will    .....                    (no boots)
Stlth   +                        (no amulet)
HPRegen 0.29/turn                (no ring)
MPRegen 0.12/turn                (no ring)

@: no status effects
A: (nimble swimmer 2), mertail
a: Renounce Religion


You were on level 4 of the Dungeon.
You worshipped Okawaru.
Okawaru was noncommittal.
You visited 2 branches of the dungeon, and saw 6 of its levels.

You collected 244 gold pieces.

Inventory:

Hand Weapons
 a - a +0 falchion
 n - a +1 demon whip of draining (weapon)
Missiles
 d - 7 boomerangs of dispersal
 j - 6 boomerangs (quivered)
 q - 6 stones
 w - 3 javelins
Armour
 b - a +0 leather armour (worn)
 l - a +0 helmet (worn)
Wands
 v - a wand of polymorph (8)
Scrolls
 c - 2 scrolls of blinking
 e - 2 scrolls of teleportation {unknown}
 k - a scroll of fog {unknown}
 m - a scroll of enchant weapon {unknown}
 o - 3 scrolls of identify {unknown}
 p - a scroll of magic mapping {unknown}
 s - 2 scrolls of noise {unknown}
 t - a scroll of acquirement {unknown}
Potions
 f - a potion of brilliance {unknown}
 g - 3 potions of heal wounds {unknown}
 h - 3 potions of haste {unknown}
 i - a potion of magic {unknown}
 r - a potion of attraction {unknown}
 u - a potion of flight {unknown}


   Skills:
 + Level 4.0 Fighting
 * Level 6.0 Long Blades
 - Level 1.0 Throwing
 + Level 2.3 Armour
 + Level 4.7 Dodging
 + Level 3.1 Spellcasting
 + Level 3.5 Translocations
 + Level 0.6 Air Magic
 + Level 1.0 Invocations


You couldn't memorise any spells.
You knew the following spells:

 Your Spells              Type           Power      Damage    Failure   Level
a - Momentum Strike       Conj/Tloc      12%        3d8       22%         2
b - Lesser Beckoning      Tloc           20%        N/A       11%         2
c - Vhi's Electric Charg  Tloc/Air       12%        N/A       36%         3
e - Blink                 Tloc           20%        N/A       11%         2
t - Teleport Other        Tloc           10%        N/A       22%         3

Your spell library contained the following spells:

 Spells                   Type           Power      Damage    Failure   Level
 Apportation              Tloc           20%        N/A       7%          1
 Magic Dart               Conj           4%         1d3       30%         1
 Necrotise                Necr           4%         1d4       30%         1
 Ensorcelled Hibernation  Hex/Ice        2%         N/A       43%         2
 Passwall                 Tmut/Erth      0%         N/A       43%         2
 Swiftness                Air            3%         N/A       56%         3
 Manifold Assault         Tloc           10%        N/A       56%         4
 Mephitic Cloud           Conj/Pois/Air  2%         N/A       63%         3
 Vampiric Draining        Necr           1%         2d6       67%         3
 Agony                    Necr           1%         N/A       100%        5
 Summon Small Mammal      Summ           Unusable   N/A       N/A         1
 Call Imp                 Summ           Unusable   N/A       N/A         2

Dungeon Overview and Level Annotations

Branches:
Dungeon (5/15)             Temple (1/1) D:4

Altars:
Cheibriados
Fedhas
Okawaru
Qazlal
Sif Muna
Vehumet
Yredelemnul
Zin


Innate Abilities, Weirdness & Mutations

((You are very nimble when in or above water. (Stealth+, EV+, Speed+++)))
Your lower body shifts to a powerful aquatic tail in water.


Message History

You hit the gnoll sergeant but do no damage.
You drain the gnoll sergeant.
You punch the gnoll sergeant, but do no damage.
The gnoll sergeant is almost dead.
You are no longer robbed of momentum.
A gnoll comes into view. It is wielding a +0 flail.
The gnoll sergeant hits you with a +0 trident.
The gnoll hits you from afar with a +0 halberd!
You barely miss the gnoll sergeant.
The gnoll sergeant is almost dead.
The gnoll shouts!
The gnoll sergeant barely misses you. The gnoll barely misses you.
You barely miss the gnoll sergeant.
The gnoll sergeant is almost dead.
The gnoll sergeant hits you with a +0 trident!
The gnoll completely misses you.
You hit the gnoll sergeant.
The gnoll sergeant is almost dead.
The gnoll sergeant hits you with a +0 trident.
The gnoll closely misses you.
The gnoll sergeant completely misses you.
The gnoll completely misses you.
You climb upwards.
There is a stone staircase leading down here.
You barely miss the gnoll sergeant.
The gnoll sergeant is almost dead.
The gnoll sergeant hits you with a +0 trident!
You are too injured to fight recklessly!
You are too injured to fight recklessly!
You are too injured to fight recklessly!
You closely miss the gnoll sergeant.
The gnoll sergeant is almost dead.
The gnoll sergeant hits you with a +0 trident!
* * * LOW HITPOINT WARNING * * *
The gnoll sergeant hits you with a +0 trident.
* * * LOW HITPOINT WARNING * * *
You closely miss the gnoll sergeant.
The gnoll sergeant is almost dead.
The gnoll sergeant hits you with a +0 trident!
You die...

#######.........#..###...
#...............#..###..#
#.####...#..##...........
#.#................##....
#..###...#..###........#.
#....#.#.#..# ###........
##.#.#.#.#..#####..##...#
##...##g#.).......##...#
##.###@#>#............#
###############.##.#.#
#........#....[......
######........########.###
#######....#..##.#..# #.#
#..........#..#.#...# #.#
#.#####....#...#.#..####
#.# #.#
#.####..#.##..#..#####.#
#.# #.#
#...†....##......)#


You could see a gnoll sergeant (drained).

Vanquished Creatures
  An ice beast (D:4)
  3 phantoms
  2 scorpions
  A howler monkey (D:4)
  A hound (D:4)
  An orc priest (D:4)
  An orc wizard (D:4)
  Natasha (twice) (D:3)
  4 gnolls (D:4)
  7 adders
  3 worms
  3 dart slugs
  7 orcs
  9 endoplasms
  3 giant cockroaches
  6 goblins
  10 hobgoblins
  A quokka (D:3)
  7 ball pythons
  3 bats
  2 frilled lizards
  6 kobolds
  8 rats
91 creatures vanquished.

Notes
Turn   | Place    | Note
-------+----------+-------------------------------------------
     0 | D:1      | mopl the Merfolk Warper began the quest for the Orb.
     0 | D:1      | Reached XP level 1. HP: 16/16 MP: 3/3
   164 | D:1      | Reached XP level 2. HP: 21/22 MP: 5/5
   167 | D:1      | Learned a level 2 spell: Blink
   355 | D:1      | Reached skill level 3 in Long Blades
   424 | D:1      | Learned a level 2 spell: Lesser Beckoning
   791 | D:2      | Reached skill level 3 in Dodging
   791 | D:2      | Reached XP level 3. HP: 26/28 MP: 6/6
   856 | D:2      | Reached skill level 1 in Armour
  1355 | D:2      | Reached XP level 4. HP: 34/34 MP: 7/7
  1509 | D:2      | Learned a level 2 spell: Momentum Strike
  1607 | D:3      | Noticed Natasha
  1613 | D:3      | Killed Natasha
  1810 | D:3      | Reached skill level 4 in Long Blades
  1810 | D:3      | Reached XP level 5. HP: 24/40 MP: 8/8
  1864 | D:3      | Noticed Natasha
  1870 | D:3      | Killed Natasha
  1875 | D:3      | Learned a level 3 spell: Teleport Other
  2192 | D:3      | Found a stormy altar of Qazlal.
  2273 | D:3      | Found a glowing silver altar of Zin.
  2273 | D:3      | Noticed an angel
  2332 | D:4      | Reached skill level 3 in Fighting
  2586 | D:4      | Noticed a phantom
  2605 | D:4      | Killed a phantom
  2606 | D:4      | Reached skill level 3 in Translocations
  2606 | D:4      | Reached XP level 6. HP: 29/47 MP: 7/10
  2668 | D:4      | Reached skill level 4 in Dodging
  2693 | D:4      | Reached skill level 5 in Long Blades
  2693 | D:4      | Reached skill level 3 in Spellcasting
  2730 | D:4      | Reached skill level 2 in Armour
  2730 | D:4      | Reached XP level 7. HP: 31/52 MP: 11/11
  2967 | D:4      | Found a staircase to the Ecumenical Temple.
  3229 | Temple   | Entered the Ecumenical Temple
  3242 | Temple   | Became a worshipper of Warmaster Okawaru
  3261 | D:4      | Learned a level 3 spell: Vhi's Electric Charge
  3473 | D:5      | Entered Level 5 of the Dungeon
  4102 | D:5      | Reached skill level 4 in Fighting
  4102 | D:5      | Reached skill level 6 in Long Blades
  4102 | D:5      | Reached skill level 1 in Invocations
  4221 | D:4      | Slain by a gnoll sergeant

Illustrated notes

Levels and vault maps discovered:
D:1:      dpeg_arrival_more_subterranean_lakeside_camping, layout_basic
D:2:      layout_loops_ring
D:3:      layout_basic, zin_angel, lemuel_coloured_pillars_altar,
          minmay_misc_feat_hallway, grunt_ministairs_3, uniq_natasha
D:4:      layout_loops_ring, minmay_temple_entry_proselytizer,
          kennysheep_generic_room_4
D:5:      layout_cave_pods
Temple:   mainiacjoe_temple_coin_purse

Skill      XL: |  1  2  3  4  5  6  7 |
---------------+----------------------+-----
Long Blades    | 3 4 5 6 |  6.0
Dodging        | 3 4 |  4.7
Armour         | 1 2 |  2.3
Fighting       | 3 4 |  4.0
Translocations | 3 |  3.5
Spellcasting   | 3 |  3.1
Invocations    | 1 |  1.0
Throwing       | |  1.0
Air Magic      | |  0.6

Action                     |  1- 3 |  4- 6 |  7- 9 || total
---------------------------+-------+-------+-------++-------
  Melee: Falchion          |    95 |       |       ||    95
         Demon whip        |    29 |   140 |    69 ||   238
         Punch             |     1 |       |     3 ||     4
   Cast: Lesser Beckoning  |     2 |       |     2 ||     4
         Momentum Strike   |       |     2 |     4 ||     6
   Stab: Sleeping          |     1 |       |       ||     1
 Armour: Leather armour    |    33 |    40 |     9 ||    82
  Dodge: Dodged            |    85 |    87 |    42 ||   214

Table legend: (Time is in decaauts)
 A = Elapsed time spent in this place.
 B = Non-inter-level travel time spent in this place.
 C = Inter-level travel time spent in this place.
 D = Time resting spent in this place.
 E = Time spent auto-exploring this place.
 F = Levels seen in this place.
 G = Mean time per level.
                   A        B        C        D        E       F      G
               +--------+--------+--------+--------+--------+-----+--------+
         Total |   4256 |   3940 |    316 |    550 |   2471 |   6 |  709.3 |
       Dungeon |   4230 |   3928 |    302 |    550 |   2468 |   5 |  846.0 |
        Temple |     26 |     13 |     13 |      0 |      3 |   1 |   26.0 |
               +--------+--------+--------+--------+--------+-----+--------+

Top non-repeatable levels by time:
     D:4: 1392 daAuts
     D:1: 786 daAuts
     D:2: 772 daAuts
     D:3: 763 daAuts
     D:5: 514 daAuts
  Temple: 26 daAuts
